 Dungeon Crawl Stone Soup version 0.19-a0-1732-g0b18a7b (console) character file.

1650944 vible the Slayer (level 27, 220/220 HPs)
             Began as a Halfling Assassin on Sept 29, 2016.
             Was the Champion of Okawaru.
             Escaped with the Orb
             ... and 3 runes on Oct 1, 2016!
             The game lasted 06:23:56 (72671 turns).

vible the Slayer (Halfling Assassin)               Turns: 72671, Time: 06:23:57

Health: 220/220    AC: 42    Str: 28    XL:     27
Magic:  29/29      EV: 31    Int: 11    God:    Okawaru [******]
Gold:   1050       SH: 29    Dex: 28    Spells: 2 memorised, 23 levels left

rFire  + + .     SeeInvis .     a - +7 demon blade {slice, rElec Int+4}
rCold  + + .     Gourm    .     A - +2 gold dragon armour
rNeg   . . .     Faith    .     T - +2 shield of Resistance {rF+ rC+ MR+}
rPois  +         Spirit   .     c - +3 hat of Casit {MR++ Str+9}
rElec  +         Dismiss  .     B - +2 cloak {MR+}
rCorr  .         Reflect  +     J - +0 pair of fencer's gloves {+Riposte Dex+6}
MR     +++++     Harm     .     f - +2 pair of boots {Fly}
Stlth  ..........               V - brooch of Shielding {Reflect SH+8}
                                E - +4 ring of evasion
                                O - +4 ring of protection

@: flying, very slightly contaminated
A: dopey 1, mutation resistance 1
a: Heroism, Finesse, Renounce Religion, Stop Flying
0: Orb of Zot
}: 3/15 runes: serpentine, barnacled, slimy


You escaped.
You worshipped Okawaru.
Okawaru was exalted by your worship.
You were very full.

You visited 10 branches of the dungeon, and saw 51 of its levels.
You visited 1 bazaar.
You also visited: Bailey.

You collected 5396 gold pieces.
You spent 4346 gold pieces at shops.


Innate Abilities, Weirdness & Mutations

You are small and have problems with some larger weapons.
You are somewhat resistant to further mutation.
You are dopey. (Int -2)


   Skills:
 * Level 26.3 Fighting
 - Level 6.8(12.4) Short Blades
 - Level 13.7(14.1) Long Blades
 - Level 3.0 Throwing
 + Level 21.8 Armour
 + Level 21.3 Dodging
 - Level 5.0 Stealth
 - Level 19.4 Shields
 - Level 9.0 Invocations
 - Level 4.6 Evocations


You had 23 spell levels left.
You knew the following spells:

 Your Spells              Type           Power        Failure   Level  Hunger
a - Apportation           Tloc           #.........   100%        1    ##.....
I - Blink                 Tloc           N/A          100%        2    ###....

Inventory:

Hand Weapons
 a - the +7 demon blade of Plague (weapon) {slice, rElec Int+4}
   (Okawaru gifted it to you on level 1 of the Depths)

   It inflicts extra damage upon your enemies.
   It affects your intelligence (+4).
   It insulates you from electricity.
 b - the +4 short sword "Halfling's Regret" {speed, rF++ Str-5, unknown}
   (Okawaru gifted it to you on level 5 of the Realm of Zot)

   Attacks with this weapon are significantly faster.
   It affects your strength (-5).
   It greatly protects you from fire.
Missiles
 r - 17 throwing nets
 I - 32 tomahawks of returning (quivered)
Armour
 c - the +3 hat of Casit (worn) {MR++ Str+9}
   (Okawaru gifted it to you on level 2 of the Depths)

   It affects your strength (+9).
   It affects your resistance to hostile enchantments.
 f - a +2 pair of boots of flying (worn)
 A - a +2 gold dragon armour (worn)
 B - a +2 cloak of magic resistance (worn)
 J - the +0 pair of fencer's gloves (worn) {+Riposte Dex+6}
   (Okawaru gifted it to you on level 2 of the Vaults)

   It affects your dexterity (+6).
 T - the +2 shield of Resistance (worn) {rF+ rC+ MR+}
   (You found it on level 6 of the Lair of Beasts)

   It protects you from fire.
   It protects you from cold.
   It affects your resistance to hostile enchantments.
Jewellery
 v - an uncursed ring of see invisible
 E - a +4 ring of evasion (right hand)
 F - an uncursed ring of protection from fire
 O - a +4 ring of protection (left hand)
 P - an uncursed ring of poison resistance
 V - the brooch of Shielding (around neck) {Reflect SH+8}
   (You found it on level 9 of the Dungeon)

   [amulet of reflection]

   It shields you and reflects attacks.
   It affects your SH (+8).
Wands
 e - a wand of teleportation (7/9) {@v4}
 h - a wand of paralysis (12/24)
 p - a wand of hasting (1/9) {@v3}
 s - a wand of disintegration (13/24)
 D - a wand of heal wounds (5/9) {@v2}
 H - a wand of teleportation (7/9) {@v4}
 K - a wand of acid (6/15)
 L - a wand of confusion (19/48)
 Y - a wand of digging (11/24)
Scrolls
 d - 2 scrolls of vulnerability {!r}
 i - a scroll of recharging
 k - a scroll of magic mapping
 m - 15 scrolls of teleportation {@r4}
 q - a scroll of enchant weapon
 t - 16 scrolls of remove curse {@r2}
 x - 9 scrolls of fog
 C - 2 scrolls of identify {@r1}
 G - 5 scrolls of fear
 R - a scroll of silence
 U - 4 scrolls of blinking
Potions
 l - 5 potions of might
 n - 3 potions of agility
 o - 21 potions of curing {@q1}
 u - 6 potions of resistance
 w - 3 potions of berserk rage {!q}
 y - 2 potions of beneficial mutation
 z - 8 potions of cancellation
 N - 4 potions of heal wounds {@q2}
 Q - 3 potions of haste {@q3}
 S - a potion of ambrosia
 W - 6 potions of magic
 X - 2 potions of invisibility
 Z - 7 potions of lignification {!q}
Miscellaneous
 M - 2 boxes of beasts
Comestibles
 g - 31 bread rations {@e1}
 j - 2 meat rations {@e1}

###......## ##..
##..####### ######...
##.####...## #......>#
##.##...###.## #....)..#
#.##.#######.###.......#
##.#.###...###.##........
#.##.##.###.##.##........
#.#.##.##.##.#.##........
#.#.#.##@#.#.##.#......#.
#.#.#.##▒#.##.#.#......##
#.#.##.#▓##.#.#.####....#
#.##.##░#.#.#.#.# ####..
#.##.####.#.#.#.# ##.
##.##.##.##.#.#.# ##
#.###..##.##.#.# #
##.######.#.##.### #
##..###.##.#.##.## #


There were no monsters in sight!


Message History

A giant cockroach comes into view.
You see here a worm corpse.
You block the giant cockroach's attack.
You barely miss the giant cockroach. You block the giant cockroach's attack.
You slash the giant cockroach!
You kill the giant cockroach!
You see here a giant cockroach corpse.
There is a stone staircase leading up here.
You fly upwards.
There is a stone staircase leading down here.
(D) Dungeon (T) Temple (L) Lair (A) Shoals (P) Snake Pit (M) Slime Pits (O) Orcish Mines (E) Elven Halls (V) Vaults (C) Crypt (U) Depths (H) Hell (Z) Zot
Where to? (Enter - D:1 @ (x,y), ? - help)
Your extra speed is starting to run out.
You feel yourself slow down.
A goblin comes into view. It is wielding a dagger.
The goblin shouts!
You see here a robe.
There is a stone staircase leading up here.
You fly upwards.
There is a stone staircase leading down here.
(D) Dungeon (T) Temple (L) Lair (A) Shoals (P) Snake Pit (M) Slime Pits (O) Orcish Mines (E) Elven Halls (V) Vaults (C) Crypt (U) Depths (H) Hell (Z) Zot
Where to? (Enter - D:1 @ (x,y), ? - help)
There is a staircase leading out of the dungeon here.
You have escaped!

Action                   |  1- 3 |  4- 6 |  7- 9 | 10-12 | 13-15 | 16-18 | 19-21 | 22-24 | 25-27 || total
-------------------------+-------+-------+-------+-------+-------+-------+-------+-------+-------++-------
Melee: Dagger            |   120 |   189 |   319 |    15 |       |       |       |       |       ||   643
       Long sword        |       |       |   314 |    50 |       |       |       |       |       ||   364
       Punch             |       |       |     5 |     4 |     6 |       |       |       |       ||    15
       Scimitar          |       |       |       |   769 |  1526 |  2123 |       |       |       ||  4418
       Rapier            |       |       |       |       |    15 |       |       |       |       ||    15
       Demon blade       |       |       |       |       |       |   352 |  2141 |  2318 |  3269 ||  8080
 Fire: Blowgun           |    18 |    18 |    66 |    11 |    24 |       |       |       |       ||   137
Throw: Stone             |       |    99 |   184 |       |       |       |       |       |       ||   283
       Tomahawk          |       |       |     3 |   175 |   200 |   165 |    58 |    11 |    22 ||   634
Invok: Heroism           |       |       |    13 |    31 |    37 |    61 |    47 |    30 |    57 ||   276
       Finesse           |       |       |       |       |     7 |    10 |     3 |     3 |    14 ||    37
 Abil: Stop Flying       |       |       |       |       |       |       |       |       |     2 ||     2
       Evoke Flight      |       |       |       |       |       |       |       |       |     2 ||     2
Evoke: Wand              |       |       |       |       |     8 |     6 |       |     1 |    22 ||    37
       Box of beasts     |       |       |       |       |       |       |       |       |     2 ||     2
       Sack of spiders   |       |       |       |       |       |       |       |       |     2 ||     2
  Use: Scroll            |     1 |     4 |    16 |     7 |    10 |     4 |    13 |     5 |    26 ||    86
       Potion            |       |       |     2 |       |     2 |     6 |       |     1 |    16 ||    27
 Stab: Sleeping          |     5 |     5 |     4 |     6 |     2 |     1 |     4 |     4 |     2 ||    33
       Distracted        |       |     1 |     1 |       |       |     3 |     2 |     4 |     5 ||    16
       Petrifying        |       |       |       |       |     1 |       |       |       |       ||     1
       Held in net/web   |       |       |       |       |       |       |     1 |       |     2 ||     3
       Confused          |       |       |       |       |       |       |       |     2 |       ||     2
       Invisible         |       |       |       |       |       |       |       |       |    19 ||    19
  Eat: Chunk             |     2 |     8 |    20 |     8 |     7 |    10 |    12 |    12 |     3 ||    82
       Pizza             |       |       |     1 |       |     1 |     1 |     1 |       |     1 ||     5
       Royal jelly       |       |       |       |     8 |     2 |       |     3 |     1 |       ||    14
       Beef jerky        |       |       |       |     1 |    12 |     2 |     1 |     1 |     2 ||    19
       Fruit             |       |       |       |       |     9 |     4 |       |       |     3 ||    16
       Meat ration       |       |       |       |       |       |     8 |     1 |     4 |     8 ||    21
Armor: Robe              |    30 |    20 |       |       |       |       |       |       |       ||    50
       Ring mail         |       |     9 |   153 |    27 |       |       |       |       |       ||   189
       Chain mail        |       |       |       |   131 |    73 |   123 |       |       |       ||   327
       Plate armour      |       |       |       |    37 |    80 |       |       |       |       ||   117
       Scale mail        |       |       |       |    17 |   107 |   156 |   201 |   166 |   122 ||   769
       Gold dragon armou |       |       |       |       |       |       |       |       |   226 ||   226
Dodge: Dodged            |    89 |    92 |   443 |   297 |   394 |   646 |   637 |   841 |  1155 ||  4594
Block: Other             |       |       |       |   134 |    82 |       |       |       |       ||   216
       Reflection        |       |       |       |     4 |    36 |   200 |   222 |   162 |    73 ||   697
       Buckler           |       |       |       |       |   243 |       |       |       |       ||   243
       Shield            |       |       |       |       |   433 |  2263 |  1891 |  2006 |  2393 ||  8986

Vault maps used:
D:1:      dpeg_arrival_solitude, kennysheep_another_room,
          evilmike_ruin_ashenzari
D:2:      ecumenical_altar_1, uniq_robin
D:3:      first_bread, minivault_5, uniq_terence
D:4:      kennysheep_six_static_rooms, serial_shops, nicolae_shop_crystal,
          nicolae_shop_waterfront, nicolae_shop_window_shopping, minmay_cupped
D:6:      serial_shops, shop, uniq_blork_the_orc
D:7:      enter_bailey_3, serial_shops, nicolae_shop_crystal,
          lemuel_mausoleum_altar_kikubaaqudgha
D:8:      basic_altar, hangedman_pestilent_swarm, uniq_erica
D:10:     minmay_blocky_corners, dpeg_oklobed_lair,
          kennysheep_orc_monster_closet_entryway, serial_ice, serial_ice_o,
          serial_ice_b, serial_ice_d, serial_ice_n, serial_bayou_pond_d
D:11:     nicolae_trove_entry_free_sample, uniq_fannar
D:12:     minmay_shop_grid_forest, minmay_holes, uniq_azrael
D:13:     basic_altar
D:14:     erik_vaults_1, basic_altar, serial_shops, nicolae_shop_waterfront,
          minivault_4, minmay_rotating_lava
D:15:     grunt_enter_depths_hoard, grunt_decor_clamped, uniq_nessos
Temple:   roderic_octagonal_lattice_temple
Lair:1:   grunt_megastairs_1
Lair:2:   shoals_dummy_entry, serial_bayou_pond_a
Lair:3:   pond_and_an_island_with_a_cottage, minmay_snake_entry_spellcaster,
          uniq_harold
Lair:5:   st_stairs_6, infiniplex_staircase_pool_2
Lair:6:   evilmike_catoblepas_cave, dpeg_slime_entry_enclosed_altar,
          st_stairs_13
Shoals:2: serial_shops, freezing_bzr, abandoned_shop, st_sunken_temple
Shoals:3: nicolae_shoals_dead_sea_scrolls
Shoals:4: shoals_end_grunt_ice, shoals_ilsuiw_ice,
          nicolae_shoals_aquamancer_cove
Snake:1:  hangedman_snake_corridor_split, uniq_aizul, uniq_louise, uniq_frances
Snake:3:  grunt_ministairs_13, nicolae_coiled_stairwell_down
Snake:4:  grunt_snake_rune_serpentine_throne
Slime:3:  cheibrodos_slime_lost_civilization_5
Orc:2:    grunt_orc_tribal_feast, uniq_rupert, uniq_snorg
Vaults:1: v_misc_30, vaults_dpeg_cross, grunt_vaults_hallway_short, v_misc_24,
          vaults_room_guarded_vault, nicolae_vaults_hallways_thing,
          hangedman_vaults_stream, nicolae_vaults_network_star,
          nicolae_vaults_little_squares_5, ontoclasm_vaults_ring_large,
          v_misc_22, nicolae_vaults_yaktaur_gun_rack, nicolae_vaults_asterisk,
          vaults_room_hallway, basic_altar, serial_shops, shop
Vaults:2: nicolae_vaults_statue_guard, ontoclasm_vaults_fault,
          ontoclasm_vaults_idyll, vaults_room_fours, grunt_vaults_focal,
          ontoclasm_vaults_spin, ontoclasm_vaults_twist, v_misc_18,
          nicolae_vaults_alarming, vaults_dpeg_hooks, serial_shops, shop,
          uniq_asterion
Vaults:3: ontoclasm_vaults_shuriken, grunt_vaults_twisty, v_pattern_5,
          vaults_room_door_hall, v_misc_17, v_misc_19, v_misc_18,
          v_alt_pattern_4, minmay_crypt_entry_simple_box, v_alt_pattern_6,
          v_misc_23, nicolae_vaults_rhombus_6, v_misc_8
Vaults:4: nicolae_vaults_three_branches, nicolae_vaults_triangles,
          vaults_room_fours, nicolae_vaults_stairing_the_circle, v_misc_3,
          hangedman_vaults_cutoff, nicolae_vaults_murderbox, serial_shops, shop,
          uniq_mennas, uniq_xtahua, uniq_sojobo
Depths:1: grunt_hell_horde, pan_entry, serial_bayou, serial_bayou_ford_a,
          serial_bayou_crossing, serial_bayou_pond_d, grunt_ministairs_6,
          minmay_serpent_palace, serial_bayou_shore_b
Depths:2: cheibrodos_birdhouse, abyss_entry, hell_entry,
          hangedman_abyss_or_decor_stabs, pan_entry
Depths:3: hangedman_pleasuredromes, pan_entry, hell_entry, uniq_boris
Depths:4: evilmike_marble_ring, enter_ziggurat_d, hangedman_tar_grid_catacomb,
          kennysheep_cross_room, abyss_entry_small_statue_room,
          infiniplex_staircase_spiral_double
Depths:5: grunt_twist_and_shout, hell_entry, minmay_misc_feat_five,
          uniq_enchantress
Zot:1:    grunt_megastairs_3
Zot:4:    grunt_zot_stairs_mandelzot
Bazaar:   bazaar_kb_twisted_cavern
Bailey:   bailey_axe_2, bailey

Notes
Turn   | Place    | Note
-------+----------+-------------------------------------------
     0 | D:1      | vible the Halfling Assassin began the quest for the Orb.
     0 | D:1      | Reached XP level 1. HP: 14/14 MP: 1/1
   398 | D:1      | Reached XP level 2. HP: 17/19 MP: 2/2
   681 | D:1      | Found a shattered altar of Ashenzari.
   745 | D:1      | Reached XP level 3. HP: 19/24 MP: 3/3
   861 | D:1      | Reached skill level 3 in Throwing
  1438 | D:2      | Found a faded altar of an unknown god.
  1484 | D:2      | Reached skill level 5 in Stealth
  1517 | D:2      | Reached skill level 3 in Short Blades
  1538 | D:2      | Reached XP level 4. HP: 27/29 MP: 4/4
  1567 | D:2      | Noticed Robin
  1718 | D:2      | Reached skill level 2 in Fighting
  1907 | D:2      | Killed Robin
  2573 | D:2      | Learned a level 2 spell: Blink
  2575 | D:2      | Learned a level 1 spell: Apportation
  2676 | D:2      | Reached XP level 5. HP: 34/34 MP: 5/5
  2977 | D:3      | Noticed Terence
  2993 | D:3      | Killed Terence
  2993 | D:3      | Reached skill level 4 in Short Blades
  2993 | D:3      | Reached skill level 2 in Dodging
  3899 | D:4      | Reached XP level 6. HP: 41/41 MP: 6/6
  3959 | D:4      | Reached skill level 5 in Short Blades
  4031 | D:4      | Reached skill level 3 in Fighting
  4135 | D:4      | Reached skill level 3 in Dodging
  4169 | D:4      | Reached skill level 1 in Armour
  4169 | D:4      | Reached XP level 7. HP: 42/46 MP: 7/7
  4319 | D:4      | Reached skill level 4 in Fighting
  4661 | D:4      | Found Tumyquah's Weapon Emporium.
  4692 | D:4      | Reached skill level 2 in Armour
  4755 | D:4      | Found a staircase to the Ecumenical Temple.
  4764 | Temple   | Entered the Ecumenical Temple
  5097 | Temple   | Became a worshipper of Warmaster Okawaru
  5178 | D:4      | Found Uwne's Assorted Antiques.
  5186 | D:4      | Bought a potion of agility for 116 gold pieces
  5224 | D:4      | Found Uxziff's Magic Scroll Shop.
  5426 | D:4      | Bought a scroll of identify for 22 gold pieces
  5426 | D:4      | Bought a scroll of identify for 22 gold pieces
  5426 | D:4      | Bought a scroll of identify for 22 gold pieces
  5426 | D:4      | Bought a scroll of identify for 22 gold pieces
  5426 | D:4      | Bought a scroll of teleportation for 33 gold pieces
  5426 | D:4      | Bought a scroll of teleportation for 33 gold pieces
  5543 | D:5      | Entered Level 5 of the Dungeon
  5771 | D:5      | Reached skill level 4 in Dodging
  5829 | D:5      | Reached skill level 1 in Invocations
  5829 | D:5      | Reached XP level 8. HP: 52/54 MP: 8/8
  5971 | D:5      | HP: 5/54 [orc priest/nerve-wracking pain (12)]
  6757 | D:6      | Reached skill level 2 in Invocations
  6961 | D:6      | Reached skill level 3 in Armour
  6971 | D:6      | Noticed Blork the orc
  7039 | D:6      | Killed Blork the orc
  7239 | D:6      | Found Bisirr's Magic Scroll Shop.
  7248 | D:6      | Bought a scroll of identify for 28 gold pieces
  7248 | D:6      | Bought a scroll of enchant weapon for 105 gold pieces
  7299 | D:6      | Reached * piety under Okawaru
  7299 | D:6      | Reached skill level 1 in Long Blades
  7347 | D:6      | Reached skill level 2 in Long Blades
  7353 | D:6      | Reached skill level 5 in Fighting
  7361 | D:6      | Reached skill level 3 in Long Blades
  7387 | D:6      | HP: 5/55 [worker ant (6)]
  7695 | D:6      | Reached XP level 9. HP: 61/61 MP: 8/11
  7808 | D:6      | Reached skill level 4 in Long Blades
  8283 | D:6      | Reached skill level 5 in Long Blades
  8817 | D:6      | Reached ** piety under Okawaru
  8817 | D:6      | Reached skill level 6 in Fighting
  9022 | D:7      | Reached skill level 6 in Long Blades
  9026 | D:7      | Found a flagged portal.
  9069 | Bailey   | Entered a bailey
  9292 | Bailey   | Reached skill level 5 in Dodging
  9882 | D:7      | Reached skill level 4 in Armour
 10070 | D:7      | Found Ocumefesa's Magic Scroll Emporium.
 10075 | D:7      | Bought a scroll of identify for 24 gold pieces
 10075 | D:7      | Bought a scroll of identify for 24 gold pieces
 10633 | D:7      | Reached XP level 10. HP: 56/69 MP: 12/12
 10765 | D:7      | Reached skill level 7 in Long Blades
 10852 | D:7      | Found an ancient bone altar of Kikubaaqudgha.
 10935 | D:8      | Found a hide-covered altar of Uskayaw.
 11023 | D:8      | Reached skill level 5 in Armour
 11025 | D:8      | Reached skill level 7 in Fighting
 11131 | D:8      | Noticed a hill giant
 11139 | D:8      | Killed a hill giant
 11139 | D:8      | Reached *** piety under Okawaru
 11139 | D:8      | Reached skill level 8 in Long Blades
 11705 | D:8      | Noticed Erica
 11740 | D:8      | Killed Erica
 11740 | D:8      | Reached skill level 6 in Armour
 11939 | D:8      | Reached skill level 9 in Long Blades
 12291 | D:7      | Bought 3 scrolls of identify for 72 gold pieces
 12529 | D:9      | Reached XP level 11. HP: 73/74 MP: 10/13
 12965 | D:9      | Reached **** piety under Okawaru
 13385 | D:9      | Reached skill level 8 in Fighting
 13385 | D:9      | Reached skill level 7 in Armour
 13404 | D:10     | Entered Level 10 of the Dungeon
 13449 | D:10     | Reached skill level 10 in Long Blades
 13652 | D:10     | Noticed a five-headed hydra
 13659 | D:10     | Killed a two-headed hydra
 14258 | D:10     | Found a staircase to the Orcish Mines.
 14377 | D:10     | Reached ***** piety under Okawaru
 14513 | D:10     | Found a staircase to the Lair.
 14513 | D:10     | Noticed an oklob plant
 14590 | D:10     | Noticed a cyan ugly thing
 14633 | D:9      | Killed a cyan ugly thing
 14633 | D:9      | Reached skill level 8 in Armour
 14653 | D:10     | Noticed a manticore
 14748 | D:10     | Reached skill level 11 in Long Blades
 14761 | D:10     | Killed a manticore
 14973 | D:9      | Reached XP level 12. HP: 49/83 MP: 11/14
 15180 | D:10     | Killed an unseen horror
 15354 | D:10     | Identified Qithac's Almanac of Air
 15371 | D:10     | Noticed a centaur warrior
 15384 | D:10     | Killed a centaur warrior
 15384 | D:10     | Reached skill level 9 in Fighting
 15732 | Lair:1   | Entered Level 1 of the Lair of Beasts
 16062 | Lair:1   | Reached skill level 3 in Invocations
 16518 | Lair:1   | Received a gift from Okawaru
 16530 | Lair:1   | Reached skill level 9 in Armour
 16607 | Lair:1   | Reached skill level 12 in Long Blades
 16607 | Lair:1   | Reached skill level 4 in Invocations
 17925 | Lair:2   | Reached skill level 5 in Invocations
 18089 | Lair:2   | Noticed a six-headed hydra
 18096 | Lair:2   | Killed a five-headed hydra
 18136 | Lair:2   | Noticed a seven-headed hydra
 18142 | Lair:2   | Reached XP level 13. HP: 91/91 MP: 13/16
 18151 | Lair:2   | Killed a two-headed hydra
 18187 | Lair:2   | Reached skill level 6 in Dodging
 18272 | Lair:2   | Found a staircase to the Shoals.
 18304 | Lair:2   | Reached skill level 10 in Fighting
 18603 | Lair:2   | Noticed an eight-headed hydra
 18628 | Lair:2   | Killed an eight-headed hydra
 18848 | Lair:2   | Upgraded the game from 0.19-a0-1720-gc855d72 to 0.19-a0-1732-g0b18a7b
 18854 | Lair:3   | Noticed a seven-headed hydra
 18889 | Lair:3   | Reached skill level 13 in Long Blades
 18889 | Lair:3   | Reached skill level 6 in Invocations
 18940 | Lair:3   | Killed a four-headed hydra
 18995 | Lair:3   | Received a gift from Okawaru
 19001 | Lair:3   | Found a staircase to the Snake Pit.
 19084 | Lair:3   | Noticed Harold
 19119 | Lair:3   | Killed Harold
 20317 | Lair:3   | Reached skill level 7 in Dodging
 21064 | Lair:4   | Reached skill level 7 in Invocations
 21535 | Lair:4   | Noticed a six-headed hydra
 21539 | Lair:4   | Noticed a catoblepas
 21546 | Lair:4   | Killed a one-headed hydra
 21929 | Lair:4   | Noticed a six-headed hydra
 21944 | Lair:4   | Killed a one-headed hydra
 21944 | Lair:4   | Reached XP level 14. HP: 71/98 MP: 19/19
 22104 | Lair:4   | Reached ****** piety under Okawaru
 22566 | Lair:5   | Received a gift from Okawaru
 22566 | Lair:5   | Reached skill level 8 in Dodging
 22567 | Lair:5   | Got a distressingly furry buckler {god gift}
 22573 | Lair:5   | Identified the +3 buckler "Seurij" {Regen+ Slay+3 Stlth+} (Okawaru gifted it to you on level 5 of the Lair of Beasts)
 22690 | Lair:5   | Reached skill level 1 in Shields
 23009 | Lair:5   | Reached skill level 2 in Shields
 23009 | Lair:5   | Reached skill level 8 in Invocations
 23155 | Lair:5   | Reached skill level 3 in Shields
 23180 | Lair:5   | Reached skill level 11 in Fighting
 23196 | Lair:5   | Reached skill level 4 in Shields
 23751 | Lair:5   | Reached skill level 5 in Shields
 24110 | Lair:5   | Reached skill level 9 in Dodging
 24211 | Lair:6   | Entered Level 6 of the Lair of Beasts
 24521 | Lair:6   | Reached skill level 6 in Shields
 24608 | Lair:6   | Received a gift from Okawaru
 24718 | Lair:6   | Found a viscous altar of Jiyva.
 24718 | Lair:6   | Found a staircase to the Slime Pits.
 24892 | Lair:6   | Reached skill level 9 in Invocations
 25352 | Lair:6   | Reached skill level 10 in Armour
 25360 | Lair:6   | Reached XP level 15. HP: 94/107 MP: 21/21
 25526 | Lair:6   | Received a gift from Okawaru
 25618 | Lair:6   | Reached skill level 12 in Fighting
 25641 | Lair:6   | Reached skill level 10 in Dodging
 26290 | D:4      | Bought a scroll of acquirement for 572 gold pieces
 26466 | D:11     | Noticed Fannar
 26485 | D:11     | Killed Fannar
 26757 | D:11     | Received a gift from Okawaru
 26808 | D:11     | Reached skill level 7 in Shields
 27128 | D:11     | Found a portal to a secret trove of treasure.
 27281 | D:11     | Reached skill level 11 in Armour
 27698 | D:12     | Received a gift from Okawaru
 27703 | D:12     | Got an iridescent rapier {god gift}
 27759 | D:12     | Identified the +2 rapier "Keutuedd" {pierce, +Fly rElec Str-3 SInv} (Okawaru gifted it to you on level 12 of the Dungeon)
 27807 | D:12     | Found Fampuh's Antique Armour Emporium.
 27808 | D:12     | Found Iffysopo's Book Emporium.
 27840 | D:12     | Found Oskewnu's Food Emporium.
 27841 | D:12     | Found Erphagg's Armour Emporium.
 28068 | D:12     | Bought a glowing cloak for 148 gold pieces
 28493 | D:12     | Noticed Azrael
 28527 | D:12     | Killed Azrael
 28952 | D:13     | Reached skill level 8 in Shields
 28953 | D:13     | Found an ancient bone altar of Kikubaaqudgha.
 29400 | D:13     | Received a gift from Okawaru
 29752 | D:13     | Reached XP level 16. HP: 116/116 MP: 22/22
 29823 | D:13     | Reached skill level 11 in Dodging
 30359 | D:14     | Found a white marble altar of Elyvilon.
 30384 | D:14     | Reached skill level 9 in Shields
 30515 | D:14     | Found a gate to the Vaults.
 30950 | D:14     | Found Irituexo's Antique Weapon Shoppe.
 31664 | D:14     | Reached skill level 10 in Shields
 32307 | D:14     | Reached skill level 13 in Fighting
 32496 | D:15     | Entered Level 15 of the Dungeon
 32540 | D:15     | Reached skill level 11 in Shields
 32895 | D:15     | Found a staircase to the Depths.
 33017 | D:15     | Noticed Nessos
 33025 | D:15     | Killed Nessos
 33607 | Orc:1    | Entered Level 1 of the Orcish Mines
 34045 | Orc:2    | Entered Level 2 of the Orcish Mines
 34452 | Orc:2    | Noticed Snorg
 34478 | Orc:2    | Killed Snorg
 34696 | Orc:2    | Found a staircase to the Elven Halls.
 34714 | Orc:2    | Noticed Rupert
 34737 | Orc:2    | Killed Rupert
 34737 | Orc:2    | Received a gift from Okawaru
 35039 | Orc:2    | Reached skill level 6 in Short Blades
 35041 | Orc:2    | Reached XP level 17. HP: 113/124 MP: 23/23
 35046 | Orc:2    | Reached skill level 12 in Shields
 36001 | Orc:2    | Found Axzopn's Armour Shoppe.
 36001 | Orc:2    | Found Loukkeg's Weapon Boutique.
 36003 | Orc:2    | Found Peerist Dipp's Armour Boutique.
 36003 | Orc:2    | Found Novemm's Book Shoppe.
 36021 | Orc:2    | Bought the +5 scale mail "Haef" {MR+++ Regen+ rCorr Int-3} for 604 gold pieces
 36079 | Orc:2    | Received a gift from Okawaru
 36215 | Snake:1  | Entered Level 1 of the Snake Pit
 36279 | Snake:1  | Noticed Frances
 36303 | Snake:1  | Killed Frances
 36370 | Snake:1  | Reached skill level 14 in Fighting
 36714 | Snake:1  | Noticed Louise
 36727 | Snake:1  | Reached skill level 13 in Shields
 36752 | Snake:1  | Killed Louise
 36829 | Snake:1  | Noticed Aizul
 36884 | Snake:1  | Killed Aizul
 37643 | Snake:1  | Received a gift from Okawaru
 37966 | Snake:2  | Reached skill level 14 in Shields
 39274 | Snake:2  | Reached XP level 18. HP: 76/132 MP: 24/24
 39945 | Snake:2  | Reached skill level 15 in Shields
 40717 | Snake:2  | Received a gift from Okawaru
 40717 | Snake:2  | Reached skill level 15 in Fighting
 40820 | Snake:2  | You are sucked into a shaft!
 41757 | Snake:3  | Reached skill level 16 in Shields
 42486 | Snake:4  | Entered Level 4 of the Snake Pit
 43650 | Snake:4  | Reached skill level 17 in Shields
 43660 | Snake:4  | Received a gift from Okawaru
 44298 | Snake:4  | Reached XP level 19. HP: 118/140 MP: 22/25
 44763 | Snake:4  | Received a gift from Okawaru
 44880 | Snake:4  | HP: 13/141 [shock serpent/bolt of electricity (5)]
 45080 | Snake:4  | Reached skill level 18 in Shields
 45380 | Snake:4  | Reached skill level 16 in Fighting
 45506 | Snake:4  | Got a serpentine rune of Zot
 45954 | Shoals:1 | Entered Level 1 of the Shoals
 46881 | Shoals:2 | Found a flickering gateway to a bazaar.
 46892 | Bazaar   | Entered a bazaar
 46893 | Bazaar   | Found Itasm's Antique Weapon Shop.
 46910 | Bazaar   | Found Huink's Assorted Antiques.
 46914 | Bazaar   | Found Norezuprupn's Gadget Emporium.
 46923 | Bazaar   | Found Bugrai's Distillery.
 46929 | Bazaar   | Found Damoi's Gadget Boutique.
 47565 | Shoals:2 | Reached XP level 20. HP: 135/149 MP: 26/26
 47572 | Shoals:2 | Reached skill level 12 in Dodging
 47799 | Shoals:3 | Received a gift from Okawaru
 48511 | Shoals:4 | Entered Level 4 of the Shoals
 48577 | Shoals:4 | Reached skill level 12 in Armour
 48698 | Shoals:4 | Reached skill level 19 in Shields
 48951 | Shoals:4 | Received a gift from Okawaru
 49139 | Shoals:4 | Reached skill level 17 in Fighting
 49611 | Shoals:4 | Got a barnacled rune of Zot
 49735 | Shoals:4 | Noticed Ilsuiw
 49781 | Shoals:4 | Killed Ilsuiw
 49874 | Shoals:4 | Received a gift from Okawaru
 50444 | Vaults:1 | Entered Level 1 of the Vaults
 50491 | Vaults:1 | Found Neur's Antique Armour Boutique.
 50663 | Vaults:1 | Reached XP level 21. HP: 157/157 MP: 27/27
 50778 | Vaults:1 | Reached skill level 13 in Dodging
 50855 | Vaults:1 | Found a deep blue altar of Sif Muna.
 51137 | Vaults:1 | Reached skill level 13 in Armour
 51981 | Vaults:1 | Reached skill level 18 in Fighting
 52213 | Vaults:2 | Found Heequide's Assorted Antiques.
 52222 | Vaults:2 | Bought a scroll of identify for 86 gold pieces
 52222 | Vaults:2 | Bought a scroll of identify for 86 gold pieces
 52222 | Vaults:2 | Bought a scroll of identify for 86 gold pieces
 52222 | Vaults:2 | Bought a wooden wand for 172 gold pieces
 52222 | Vaults:2 | Bought a scroll of identify for 86 gold pieces
 52222 | Vaults:2 | Bought a potion of haste for 430 gold pieces
 52376 | Vaults:2 | Received a gift from Okawaru
 53059 | Vaults:2 | Reached skill level 14 in Dodging
 53077 | Vaults:2 | Noticed Asterion
 53085 | Vaults:2 | Reached skill level 14 in Armour
 53106 | Vaults:2 | Killed Asterion
 53249 | Vaults:2 | Reached XP level 22. HP: 166/166 MP: 28/28
 54055 | Vaults:3 | Received a gift from Okawaru
 54118 | Vaults:3 | Found a staircase to the Crypt.
 54216 | Vaults:3 | Reached skill level 19 in Fighting
 54897 | Vaults:4 | Noticed Mennas
 54897 | Vaults:4 | Noticed a tengu reaver
 54937 | Vaults:4 | Killed a tengu reaver
 54937 | Vaults:4 | Received a gift from Okawaru
 54937 | Vaults:4 | Reached skill level 15 in Dodging
 54990 | Vaults:4 | Killed Mennas
 55050 | Vaults:4 | Reached skill level 15 in Armour
 55063 | Vaults:4 | Received a gift from Okawaru
 55074 | Vaults:4 | Reached skill level 1 in Evocations
 55157 | Vaults:4 | Found Rajiecwel's Distillery.
 55346 | Vaults:4 | Noticed Sojobo
 55346 | Vaults:4 | Noticed a tengu reaver
 55346 | Vaults:4 | Noticed a tengu reaver
 55377 | Vaults:4 | Killed a tengu reaver
 55420 | Vaults:4 | Killed a tengu reaver
 55420 | Vaults:4 | Reached XP level 23. HP: 118/176 MP: 22/29
 55458 | Vaults:4 | Killed Sojobo
 55458 | Vaults:4 | Reached skill level 2 in Evocations
 56088 | Vaults:4 | Noticed Xtahua
 56114 | Vaults:4 | Killed Xtahua
 56114 | Vaults:4 | Reached skill level 3 in Evocations
 56311 | Vaults:4 | Reached skill level 20 in Fighting
 56493 | Vaults:4 | Noticed a titan
 56507 | Vaults:4 | Killed a titan
 56519 | Vaults:4 | Received a gift from Okawaru
 56648 | Vaults:4 | Reached skill level 4 in Evocations
 57190 | D:12     | Bought a pair of bloodstained gloves for 313 gold pieces
 57190 | D:12     | Bought a ruby-encrusted scale mail for 297 gold pieces
 57200 | D:12     | Identified the +0 pair of gloves of Masochism {rC+} (You bought it in a shop on level 12 of the Dungeon)
 57210 | D:12     | Identified the +2 scale mail "Vebuan Pucki" {*Corrode +Blink rF+} (You bought it in a shop on level 12 of the Dungeon)
 57341 | Depths:1 | Entered Level 1 of the Depths
 57410 | Depths:1 | Found a gateway to Hell.
 57644 | Depths:1 | Received a gift from Okawaru
 57709 | Depths:1 | Noticed benitares's ghost (journeyman DDBe)
 57726 | Depths:1 | Reached skill level 16 in Armour
 57788 | Depths:1 | Killed benitares's ghost
 57885 | Depths:1 | Received a gift from Okawaru
 57910 | Depths:1 | Got a crystal demon blade {god gift}
 57989 | Depths:1 | Identified the +7 demon blade of Plague {slice, rElec Int+4} (Okawaru gifted it to you on level 1 of the Depths)
 58078 | Depths:1 | Found a one-way gate leading to the halls of Pandemonium.
 58469 | Depths:1 | Reached XP level 24. HP: 162/185 MP: 29/29
 58730 | Depths:1 | Received a gift from Okawaru
 59180 | Depths:2 | Found a one-way gate to the infinite horrors of the Abyss.
 59204 | Depths:2 | Reached skill level 21 in Fighting
 59366 | Depths:2 | Noticed a tengu reaver
 59366 | Depths:2 | Noticed a tengu reaver
 59372 | Depths:2 | Killed a tengu reaver
 59379 | Depths:2 | Killed a tengu reaver
 59379 | Depths:2 | Reached skill level 16 in Dodging
 59606 | Depths:2 | Received a gift from Okawaru
 59608 | Depths:2 | Got a bloodstained hat {god gift}
 59619 | Depths:2 | Identified the +3 hat of Casit {MR++ Str+9} (Okawaru gifted it to you on level 2 of the Depths)
 59989 | Depths:3 | Reached skill level 17 in Armour
 60443 | Depths:3 | Noticed a tengu reaver
 60462 | Depths:3 | Reached XP level 25. HP: 177/193 MP: 29/29
 60476 | Depths:3 | Killed a tengu reaver
 60510 | Depths:3 | Noticed Boris
 60529 | Depths:3 | Killed Boris
 60540 | Depths:3 | Received a gift from Okawaru
 60781 | Depths:3 | Noticed a titan
 60818 | Depths:3 | Killed a titan
 60829 | Depths:3 | Reached skill level 17 in Dodging
 60838 | Depths:3 | Reached skill level 22 in Fighting
 61158 | Depths:3 | Noticed a caustic shrike
 61170 | Depths:3 | Killed a caustic shrike
 61425 | Depths:3 | Received a gift from Okawaru
 61548 | Depths:4 | Found a gateway to a ziggurat.
 61618 | Depths:4 | Got a smoking turquoise ring
 61620 | Depths:4 | Identified the ring "Hidwud" {Ice +Fly rN+} (You found it on level 4 of the Depths)
 61639 | Depths:4 | Reached skill level 18 in Armour
 61824 | Depths:4 | Noticed a tengu reaver
 61845 | Depths:4 | Killed a tengu reaver
 62361 | Depths:4 | Noticed a storm dragon
 62369 | Depths:4 | Killed a storm dragon
 62369 | Depths:4 | Reached XP level 26. HP: 203/203 MP: 29/29
 63097 | Depths:5 | Entered Level 5 of the Depths
 63097 | Depths:5 | Noticed the Enchantress
 63209 | Depths:4 | Received a gift from Okawaru
 63400 | Depths:4 | Killed the Enchantress
 63404 | Depths:4 | Got a faerie dragon armour
 63433 | Depths:4 | Identified the +4 faerie dragon armour {rElec rF- rN+ Str+4} (You took it off the Enchantress on level 4 of the Depths)
 63770 | Depths:4 | Reached skill level 18 in Dodging
 63915 | Depths:5 | Noticed a storm dragon
 63917 | Depths:5 | Found a gate to the Realm of Zot.
 63917 | Depths:5 | Noticed a storm dragon
 63927 | Depths:5 | Killed a storm dragon
 63948 | Depths:5 | Killed a storm dragon
 63961 | Depths:5 | Reached skill level 23 in Fighting
 64384 | Depths:5 | Received a gift from Okawaru
 64409 | Depths:5 | Noticed a juggernaut
 64451 | Depths:5 | Killed a juggernaut
 64451 | Depths:5 | Reached skill level 19 in Armour
 64805 | Depths:5 | Noticed a titan
 64821 | Depths:5 | Killed a titan
 65315 | Slime:1  | Entered Level 1 of the Pits of Slime
 65658 | Slime:3  | Reached XP level 27. HP: 199/212 MP: 15/29
 65757 | Slime:5  | Entered Level 5 of the Pits of Slime
 66222 | Slime:5  | Noticed the Royal Jelly
 66253 | Slime:5  | Killed the Royal Jelly
 66281 | Slime:5  | Reached skill level 19 in Dodging
 66291 | Slime:5  | Received a gift from Okawaru
 66359 | Slime:5  | Got a smoking scale mail
 66365 | Slime:5  | Got a slimy rune of Zot
 66381 | Slime:5  | Identified the +3 scale mail of Fedhas's Benevolence {rC+ Dex+2} (You found it on level 5 of the Pits of Slime)
 66382 | Slime:5  | Identified the ring of Noon {rPois EV+2} (You found it on level 5 of the Pits of Slime)
 66435 | Slime:5  | Identified the amulet "Iherym" {+Rage Slay+2} (You found it on level 5 of the Pits of Slime)
 66440 | Slime:5  | Identified the Catalogue of Toxic Evil
 66482 | Slime:5  | Identified the Disquisition on Ice and Flight
 67018 | Vaults:4 | Bought a potion of curing for 69 gold pieces
 67018 | Vaults:4 | Bought a potion of curing for 69 gold pieces
 67018 | Vaults:4 | Bought a potion of curing for 69 gold pieces
 67018 | Vaults:4 | Bought a potion of might for 92 gold pieces
 67018 | Vaults:4 | Bought a potion of invisibility for 184 gold pieces
 67018 | Vaults:4 | Bought a potion of curing for 69 gold pieces
 67018 | Vaults:4 | Bought a potion of might for 92 gold pieces
 67018 | Vaults:4 | Bought a potion of curing for 69 gold pieces
 67018 | Vaults:4 | Bought a potion of curing for 69 gold pieces
 67018 | Vaults:4 | Bought a potion of might for 92 gold pieces
 67018 | Vaults:4 | Bought a potion of curing for 69 gold pieces
 67296 | Depths:4 | Reached skill level 24 in Fighting
 67363 | Zot:1    | Entered Level 1 of the Realm of Zot
 67416 | Zot:1    | Noticed a storm dragon
 67432 | Zot:1    | Killed a storm dragon
 67569 | Zot:2    | Noticed a storm dragon
 67584 | Zot:2    | Killed a storm dragon
 67699 | Zot:2    | Received a gift from Okawaru
 68062 | Zot:3    | Reached skill level 20 in Armour
 68261 | Zot:4    | Noticed a storm dragon
 68263 | Zot:4    | Noticed a storm dragon
 68280 | Zot:4    | Killed a storm dragon
 68295 | Zot:4    | Killed a storm dragon
 68308 | Zot:4    | Received a gift from Okawaru
 68874 | Zot:4    | Noticed a storm dragon
 68885 | Zot:4    | Killed a storm dragon
 68895 | Zot:4    | Noticed an electric golem
 68914 | Zot:4    | Noticed an orb of fire
 68936 | Zot:4    | Killed an orb of fire
 69022 | Zot:4    | Received a gift from Okawaru
 69080 | Zot:4    | Killed an electric golem
 69489 | Zot:5    | Entered Level 5 of the Realm of Zot
 69516 | Zot:5    | Received a gift from Okawaru
 69532 | Zot:5    | Noticed an orb of fire
 69543 | Zot:5    | Killed an orb of fire
 69543 | Zot:5    | Reached skill level 20 in Dodging
 69641 | Zot:5    | Noticed a storm dragon
 69652 | Zot:5    | Killed a storm dragon
 69668 | Zot:5    | Reached skill level 25 in Fighting
 69696 | Zot:5    | Noticed an ancient lich
 69737 | Zot:5    | Killed an ancient lich
 69803 | Zot:5    | Noticed a storm dragon
 69814 | Zot:5    | Killed a storm dragon
 69954 | Zot:5    | Received a gift from Okawaru
 69964 | Zot:5    | Noticed an electric golem
 69995 | Zot:5    | Killed an electric golem
 70167 | Zot:5    | Noticed an electric golem
 70193 | Zot:5    | Killed an electric golem
 70193 | Zot:5    | Reached skill level 21 in Armour
 70362 | Zot:5    | Noticed a storm dragon
 70373 | Zot:5    | Killed a storm dragon
 70376 | Zot:5    | Noticed p0werm0de's ghost (legendary DsHu)
 70438 | Zot:5    | Killed p0werm0de's ghost
 70510 | Zot:5    | Noticed an ancient lich
 70518 | Zot:5    | Killed an ancient lich
 70589 | Zot:5    | Noticed an ancient lich
 70596 | Zot:5    | Killed an ancient lich
 70596 | Zot:5    | Received a gift from Okawaru
 70896 | Zot:5    | Got an ancient short sword {god gift}
 71183 | Zot:5    | Noticed an orb of fire
 71196 | Zot:5    | Killed an orb of fire
 71196 | Zot:5    | Received a gift from Okawaru
 71347 | Zot:5    | Noticed an orb of fire
 71362 | Zot:5    | Gained mutation: You are dopey. (Int -2) [an orb of fire]
 71371 | Zot:5    | Killed an orb of fire
 71469 | Zot:5    | Reached skill level 21 in Dodging
 71482 | Zot:5    | Received a gift from Okawaru
 71495 | Zot:5    | Reached skill level 26 in Fighting
 71759 | Zot:5    | Received a gift from Okawaru
 71765 | Zot:5    | Got the Orb of Zot
 72060 | Depths:2 | Noticed a seraph
 72124 | D:15     | Noticed Wuwew the pandemonium lord
 72179 | D:15     | Killed Wuwew the pandemonium lord
 72671 | D:$      | Escaped with the Orb!

Vanquished Creatures
  the Royal Jelly (Slime:5)
  4 orbs of fire
  A pandemonium lord (D:15)
  3 ancient liches (Zot:5)
  Mennas (Vaults:4)
  A juggernaut (Depths:5)
  The ghost of p0werm0de the Slayer, a legendary DsHu of Okawaru (Zot:5)
  Sojobo (Vaults:4)
  Boris (Depths:3)
  6 Killer Klowns
  Xtahua (Vaults:4)
  A caustic shrike (Depths:3)
  8 golden dragons
  the Enchantress (Depths:4)
  3 electric golems
  5 liches
  11 tentacled monstrosities
  Rupert (Orc:2)
  24 Orb Guardians
  Asterion (Vaults:2)
  A quicksilver dragon (Depths:3)
  3 titans
  Frances (Snake:1)
  19 acid blobs
  A death cob (Zot:5)
  2 sphinxes
  11 storm dragons
  7 tengu reavers
  6 shadow dragons
  14 nagarajas
  5 draconian monks
  4 azure jellies
  Ilsuiw (Shoals:4)
  4 fire giants
  The ghost of benitares the Executioner, a journeyman DDBe of Trog (Depths:1)
  2 draconian knights
  A deep elf sorcerer (Depths:3)
  13 frost giants
  2 ghost moths (Zot:5)
  2 iron dragons (Depths:4)
  12 vault wardens
  Aizul (Snake:1)
  2 draconian zealots
  4 spriggan defenders
  2 draconian scorchers (Zot:5)
  Louise (Snake:1)
  4 draconian shifters
  12 ironheart preservers
  18 stone giants
  2 entropy weavers
  13 very ugly things
  2 draconian annihilators
  2 vampire knights (Depths:3)
  2 draconian callers
  6 green draconians
  10 yellow draconians
  7 black draconians
  Azrael (D:12)
  8 red draconians
  9 spark wasps
  9 white draconians
  10 purple draconians
  11 ettins
  7 mottled draconians
  Snorg (Orc:2)
  2 jiangshi
  5 merfolk javelineers
  3 death oozes
  11 fire dragons
  10 ogre magi
  9 merfolk impalers
  17 great orbs of eyes
  7 rakshasas
  2 deep elf high priests (Depths:4)
  11 yaktaur captains
  13 naga warriors
  Fannar (D:11)
  10 vault guards
  A caustic shrike simulacrum (Depths:2)
  Harold (Lair:3)
  11 ice dragons
  14 merfolk aquamancers
  An alligator snapping turtle (Shoals:3)
  Erica (D:8)
  4 merfolk avatars
  4 catoblepae
  12 hydras
  10 spriggan air magi
  3 death knights
  2 dancing weapons (D:14)
  11 centaur warriors
  17 death yaks
  25 anacondas
  2 satyrs
  6 deep troll shamans
  A vampire mage (Depths:3)
  7 tengu warriors
  12 deep troll earth magi
  4 hell hogs (Depths:1)
  14 naga sharpshooters
  9 shock serpents
  3 orc high priests (Orc:2)
  3 spriggan berserkers
  A soul eater (Vaults:3)
  2 sun demons
  A sixfirhy (D:6)
  12 deep elf knights
  3 shadow wraiths
  12 hell knights
  3 salamander mystics
  20 skeletal warriors
  42 deep trolls
  4 iron trolls
  2 flayed ghosts
  3 unseen horrors
  3 glowing orange brains
  A spark wasp zombie (Depths:1)
  14 naga ritualists
  A storm dragon skeleton (Depths:2)
  A death drake (shapeshifter) (Vaults:4)
  9 sea snakes
  A sea snake (shapeshifter) (Vaults:1)
  A kraken simulacrum (Shoals:4)
  9 deep elf archers
  A lindwurm (shapeshifter) (Depths:3)
  An orange crystal statue (Vaults:2)
  A hill giant (shapeshifter) (D:14)
  3 lindwurms
  4 shining eyes
  6 wizards
  10 orc knights
  5 hill giants
  10 ironbrand convokers
  12 necromancers
  A wolf spider zombie (D:15)
  6 harpies (Shoals:4)
  An iron dragon zombie (Depths:2)
  8 mana vipers
  A faun (shapeshifter) (Depths:3)
  A shining eye (shapeshifter) (Depths:4)
  17 salamanders
  4 orc sorcerers
  38 ugly things
  18 deep elf magi
  11 moths of wrath
  A salamander (shapeshifter) (Vaults:2)
  11 cyclopes
  An oklob plant (D:10)
  20 fauns
  2 hornets
  3 wolf spiders
  6 elephants
  13 manticores
  68 black mambas
  A rust devil (Zot:1)
  2 centaur zombies
  A moth of wrath (shapeshifter) (Depths:4)
  23 naga magi
  21 guardian serpents
  A guardian serpent (shapeshifter) (Vaults:1)
  An eye of devastation (shapeshifter) (Depths:3)
  18 vault sentinels
  11 sirens
  2 eyes of devastation
  A torpor snail (shapeshifter) (Vaults:2)
  7 water nymphs
  A fire giant skeleton (Depths:4)
  A gargoyle (D:10)
  A torpor snail (Lair:4)
  16 spiny frogs
  A spriggan skeleton (Depths:4)
  A smoke demon (D:14)
  2 spiny frogs (shapeshifter)
  60 yaktaurs
  An efreet (D:14)
  5 rime drakes
  2 ice devils
  7 freezing wraiths
  A rime drake (shapeshifter) (Vaults:3)
  2 komodo dragons
  35 merfolk
  A troll (shapeshifter) (Depths:4)
  6 trolls
  8 tengu conjurers
  A polar bear (Lair:4)
  3 wind drakes
  2 meliai (shapeshifter) (Depths:2)
  18 two-headed ogres
  67 slime creatures
  25 blink frogs
  2 queen bees (shapeshifter)
  A tengu simulacrum (Depths:4)
  A harpy skeleton (D:14)
  6 snapping turtles
  11 hippogriffs
  A frost giant simulacrum (Depths:1)
  11 dream sheep
  2 dream sheep (shapeshifter)
  A hippogriff (shapeshifter) (Vaults:3)
  A stone giant simulacrum (Depths:1)
  9 air elementals
  A centaur simulacrum (D:14)
  7 spriggans
  4 redbacks (Vaults:3)
  2 shadows
  15 water elementals
  4 wraiths
  A basilisk (shapeshifter) (Depths:3)
  44 yaks
  A wyvern (shapeshifter) (Depths:3)
  A ynoxinul (D:5)
  A hog (shapeshifter) (Vaults:3)
  4 fire elementals
  5 wyverns
  7 vampire mosquitoes
  2 basilisks (Lair:5)
  2 hungry ghosts
  4 mottled dragons
  13 water moccasins
  A soldier ant (D:8)
  72 nagas
  A hell hound (shapeshifter) (Vaults:1)
  8 porcupines
  17 hell hounds
  35 orc warriors
  9 ice beasts
  A black bear (D:9)
  7 eyes of draining
  An eye of draining (shapeshifter) (Vaults:1)
  2 necrophages (D:7)
  2 phantoms (D:13)
  6 wasps
  19 centaurs
  12 boggarts
  48 ogres
  13 wolves
  15 crocodiles
  Blork the orc (D:6)
  26 bullfrogs
  7 big kobolds
  A gnoll sergeant (D:11)
  A wyvern skeleton (D:8)
  5 scorpions
  A troll zombie (D:7)
  5 killer bees (D:13)
  11 wights
  10 electric eels
  5 howler monkeys
  9 crimson imps
  2 bullfrog zombies
  6 jellies
  A basilisk zombie (Lair:3)
  3 human zombies (D:7)
  5 bullfrog skeletons
  7 hounds
  23 orc priests
  23 orc wizards
  2 centaur skeletons
  Terence (D:3)
  6 iguanas
  2 human skeletons (D:7)
  16 worker ants
  A killer bee zombie (D:6)
  A crocodile zombie (Lair:3)
  A bullfrog simulacrum (D:10)
  2 hound zombies
  A hound skeleton (D:4)
  2 mummies (D:7)
  Robin (D:2)
  22 gnolls
  A howler monkey skeleton (D:6)
  17 adders
  36 river rats
  9 shadow imps
  7 worms
  2 dart slugs
  6 leopard geckos
  94 orcs
  4 ball pythons
  7 bats
  7 giant cockroaches
  16 goblins
  20 hobgoblins
  26 jackals
  4 quokkas
  A ball python skeleton (D:4)
  3 frilled lizards (D:1)
  A giant cockroach zombie (D:5)
  43 kobolds
  A leopard gecko skeleton (D:5)
  2 leopard gecko zombies
  2 quokka skeletons
  5 rats
  3 plants
2356 creatures vanquished.

Vanquished Creatures (others)
  A fire giant (Depths:5)
  A draconian shifter (Zot:3)
  Nessos (D:15)
  2 merfolk javelineers
  A fire dragon (D:15)
  4 yaktaur captains
  3 centaur warriors
  A merfolk aquamancer (Shoals:4)
  A satyr (Shoals:4)
  2 ogre magi
  5 naga sharpshooters
  A naga ritualist (Snake:4)
  2 deep elf archers (Vaults:3)
  A moth of wrath (Zot:5)
  A manticore (Shoals:1)
  2 cyclopes
  2 water nymphs
  14 yaktaurs
  A merfolk (Shoals:4)
  2 two-headed ogres (Depths:2)
  A water elemental (Shoals:4)
  2 nagas (Depths:1)
  A water moccasin (Depths:1)
  An orc warrior (Orc:2)
  An ogre (Depths:1)
  4 boggarts
  7 centaurs
  4 orcs
  12 fungi
  38 plants
  4 tentacles (Shoals:4)
123 creatures vanquished.

Grand Total: 2479 creatures vanquished
